 Dungeon Crawl Stone Soup version 0.19.0-16-g73b5abf (webtiles) character file.

7372 tv1990 the Quickloader (level 11, -10/87 HPs)
             Began as a Formicid Arcane Marksman on Nov 9, 2016.
             Was a High Priest of Okawaru.
             Mangled by a hill giant
             ... wielding a +0 giant club
              (27 damage)
             ... on level 10 of the Dungeon on Nov 10, 2016.
             The game lasted 00:41:19 (10632 turns).

tv1990 the Quickloader (Formicid Arcane Marksman)  Turns: 10632, Time: 00:41:20

Health: -10/87     AC: 18    Str: 15    XL:     11   Next: 36%
Magic:  0/15       EV:  9    Int: 14    God:    Okawaru [*****.]
Gold:   59         SH:  0    Dex: 13    Spells: 0 memorised, 12 levels left

rFire  + . .     SeeInvis +     a - +1 hand crossbow
rCold  . . .     Gourm    .     P - +0 chain mail
rNeg   . . .     Faith    .     (no shield)
rPois  .         Spirit   +     (helmet unavailable)
rElec  .         Reflect  .     k - +1 cloak
rCorr  .         Harm     .     B - +0 pair of gloves
MR     +....                    S - +0 pair of boots
Stlth  ..........               K - amulet of guardian spirit (curse)
                                z - ring of protection from fire
                                n - +4 ring of protection

@: heroism
A: permanent stasis, dig shafts and tunnels, four strong arms, antennae 3
a: Dig, Shaft Self, Heroism, Finesse, Renounce Religion


You were on level 10 of the Dungeon.
You worshipped Okawaru.
Okawaru was extremely pleased with you.
You were not hungry.

You visited 1 branch of the dungeon, and saw 10 of its levels.

You collected 605 gold pieces.
You spent 546 gold pieces at shops.

Inventory:

Hand Weapons
 a - a +1 hand crossbow (weapon)
 j - a +1 short sword of speed
 m - a +0 short sword
 r - a +0 spear
 y - a +1 falchion of electrocution
Missiles
 l - 101 bolts (quivered)
Armour
 e - a +0 robe
 h - a +0 leather armour
 i - a +0 scale mail of cold resistance
 k - a +1 cloak (worn)
 w - a +0 scale mail
 B - a +0 pair of gloves (worn)
 P - a +0 chain mail (worn)
 S - a +0 pair of boots (worn)
Jewellery
 d - an uncursed ring of wizardry
 n - a +4 ring of protection (left hand)
 u - a -3 ring of intelligence
 x - an uncursed ring of resist corrosion
 z - a ring of protection from fire (right hand)
 F - an uncursed ring of see invisible
 K - a cursed amulet of guardian spirit (around neck)
 O - an uncursed amulet of faith {unknown}
Wands
 g - a wand of lightning (8/15)
 G - a wand of lightning (2/15)
 V - a wand of heal wounds (0/9)
Scrolls
 p - 2 scrolls of fear
 q - a scroll of amnesia
 t - 3 scrolls of remove curse
 E - 2 scrolls of enchant armour
 I - a scroll of magic mapping
 J - a scroll of identify
 L - a scroll of fog
Potions
 b - 4 potions of resistance {unknown}
 A - a potion of might
 C - 3 potions of curing
 H - a potion of cancellation
 M - a potion of flight {unknown}
 N - a potion of invisibility
Books
 c - a book of Debilitation

   Spells                             Type                      Level
   a - Corona                         Hexes                        1
   b - Slow                           Hexes                        2
   c - Gell's Gravitas                Hexes/Translocation          3
   d - Inner Flame                    Hexes/Fire                   3
   e - Cause Fear                     Hexes                        4
   f - Leda's Liquefaction            Hexes/Earth                  4
Comestibles
 f - 10 bread rations
 o - a royal jelly
 s - 7 beef jerkies
 v - 5 meat rations
 Q - 7 slices of pizza


   Skills:
 + Level 8.5(13.5) Fighting
 + Level 9.9(14.9) Long Blades
 + Level 10.2(15.2) Crossbows
 - Level 1.7(6.7) Dodging
 - Level 1.1 Spellcasting
   Level 3.6 Hexes
 - Level 5.9 Invocations


You had 12 spell levels left.
You didn't know any spells.

Dungeon Overview and Level Annotations

Branches:
Dungeon (10/15)            Temple (0/1) D:4
   Lair: D:8-11         Orc: D:9-12

Altars:
Cheibriados
Elyvilon
Fedhas
Hepliaklqana
Okawaru
Vehumet
Yredelemnul
The Shining One

Shops:
D:4 (   D:9 }


Innate Abilities, Weirdness & Mutations

You are under a permanent stasis effect.
You can dig through walls and to a lower floor.
Your four strong arms can wield two-handed weapons with a shield.
You have a pair of large antennae on your head. (SInv)


Message History

* * * LOW HITPOINT WARNING * * *
A bullfrog comes into view.
Okay, then.
You feel sick.
You are no longer poisoned.
The bullfrog croaks.
Firing (i - inventory):
l - 103 bolts (quivered)
Press: ? - help, Shift-Dir - straight line, f/p - hill giant
Aim: a hill giant, wielding a giant club (almost dead)
You shoot a bolt. The bolt hits the hill giant.
The hill giant is almost dead.
The hill giant barely misses you.
Firing (i - inventory):
l - 102 bolts (quivered)
Press: ? - help, Shift-Dir - straight line, f/p - hill giant
Aim: a hill giant, wielding a giant club (almost dead)
You shoot a bolt.
The bolt hits the hill giant but does no damage.
The hill giant is almost dead.
The hill giant hits you with a giant club!!
You die...

....... y$
#...# ##.._..
.### ##..#
#....$ .(#
#..##
#.....###+##.#
###..###
#<....#F#
#......#
####..#.#
#......### {
#(# #........#
#.###........#
#.FC@....>...#
##########...#
{ #...# #...#
{ #...# { {
#####


You could see a hill giant and a bullfrog.

Vanquished Creatures
  A catoblepas (D:10)
  The ghost of Nordron the Transmogrifier, a novice NaTm of Cheibriados (D:7)
  Maurice (D:9)
  A hornet (D:10)
  4 hogs (D:7)
  A hungry ghost (D:7)
  A human (D:7)
  An orc warrior (D:9)
  2 ice beasts
  5 sky beasts
  3 phantoms
  9 ogres
  A black bear (D:6)
  A centaur (D:9)
  The ghost of C0ssack the Ducker, an amateur MfMo (D:3)
  A big kobold (D:8)
  6 bullfrogs
  5 scorpions
  12 killer bees
  4 wights (D:6)
  A howler monkey (D:4)
  An electric eel (D:6)
  5 crimson imps
  A bullfrog zombie (D:6)
  5 jellies
  2 hounds
  A centaur skeleton (D:6)
  4 orc priests
  Jessica (D:2)
  4 iguanas
  6 orc wizards
  5 worker ants
  2 hound zombies
  A hound skeleton (D:7)
  A worker ant zombie (D:9)
  Robin (D:3)
  4 gnolls (D:2)
  9 adders
  A shadow imp (D:9)
  An ooze (D:1)
  An adder zombie (D:9)
  3 worms
  4 dart slugs
  6 leopard geckos
  32 orcs
  2 ball pythons
  11 bats
  7 giant cockroaches
  14 goblins
  9 hobgoblins
  4 jackals (D:1)
  A quokka (D:5)
  2 frilled lizards
  9 kobolds
  A quokka zombie (D:6)
  3 rats
  A rat zombie (D:6)
227 creatures vanquished.

Notes
Turn   | Place    | Note
-------+----------+-------------------------------------------
     0 | D:1      | tv1990 the Formicid Arcane Marksman began the quest for the Orb.
     0 | D:1      | Reached XP level 1. HP: 15/15 MP: 2/2
   115 | D:1      | Reached XP level 2. HP: 20/21 MP: 3/3
   150 | D:1      | Reached skill level 3 in Crossbows
   389 | D:1      | Reached XP level 3. HP: 25/26 MP: 4/4
  1055 | D:2      | Noticed Jessica
  1075 | D:2      | Killed Jessica
  1075 | D:2      | Reached skill level 4 in Crossbows
  1075 | D:2      | Reached XP level 4. HP: 25/32 MP: 5/5
  1374 | D:2      | Found a glowing golden altar of the Shining One.
  1375 | D:2      | Found a radiant altar of Vehumet.
  1392 | D:2      | Found a basalt altar of Yredelemnul.
  1393 | D:2      | Found an iron altar of Okawaru.
  1395 | D:2      | Found a blossoming altar of Fedhas.
  1404 | D:2      | Became a worshipper of Warmaster Okawaru
  1536 | D:2      | Reached XP level 5. HP: 18/37 MP: 6/6
  1552 | D:2      | Reached skill level 5 in Crossbows
  2017 | D:3      | Noticed C0ssack's ghost (amateur MfMo)
  2412 | D:4      | Reached XP level 6. HP: 43/43 MP: 7/7
  2488 | D:4      | Noticed a phantom
  2506 | D:4      | Killed a phantom
  2506 | D:4      | Reached * piety under Okawaru
  2506 | D:4      | Reached skill level 6 in Crossbows
  2543 | D:4      | Noticed an ogre
  2550 | D:4      | Killed an ogre
  2550 | D:4      | Reached skill level 7 in Crossbows
  2550 | D:4      | Reached XP level 7. HP: 43/48 MP: 8/8
  3015 | D:4      | Found a staircase to the Ecumenical Temple.
  3073 | D:4      | Found Awnet's Weapon Boutique.
  3242 | D:5      | Entered Level 5 of the Dungeon
  3306 | D:5      | Reached skill level 1 in Invocations
  3428 | D:5      | Found an iron altar of Okawaru.
  3669 | D:5      | Reached ** piety under Okawaru
  3669 | D:5      | Reached skill level 1 in Long Blades
  3669 | D:5      | Reached XP level 8. HP: 54/54 MP: 10/10
  3842 | D:5      | Found a white marble altar of Elyvilon.
  4492 | D:6      | Reached skill level 5 in Invocations
  4872 | D:6      | Reached XP level 9. HP: 58/59 MP: 13/13
  4882 | D:6      | Reached *** piety under Okawaru
  4885 | D:6      | Reached skill level 5 in Long Blades
  5667 | D:7      | Noticed Nordron's ghost (novice NaTm)
  5899 | D:3      | Noticed Robin
  5925 | D:3      | Killed Robin
  6035 | D:3      | Killed C0ssack's ghost
  6502 | D:7      | Reached skill level 8 in Crossbows
  6541 | D:7      | Reached **** piety under Okawaru
  6811 | D:7      | Reached XP level 10. HP: 71/73 MP: 14/14
  6977 | D:7      | Killed Nordron's ghost
  6977 | D:7      | Received a gift from Okawaru
  6977 | D:7      | Reached skill level 5 in Fighting
  7188 | D:7      | Reached skill level 9 in Crossbows
  7669 | D:8      | Reached ***** piety under Okawaru
  8182 | D:8      | Upgraded the game from 0.19.0-11-g3fc08b3 to 0.19.0-16-g73b5abf
  8383 | D:8      | Received a gift from Okawaru
  8840 | D:9      | Noticed Maurice
  8898 | D:9      | Killed Maurice
  8964 | D:9      | Reached XP level 11. HP: 79/84 MP: 11/15
  9086 | D:9      | Received a gift from Okawaru
  9224 | D:9      | Found a snail-covered altar of Cheibriados.
  9400 | D:9      | Found Esoawuf's Gadget Boutique.
  9408 | D:9      | Bought a wand of heal wounds (3/9) for 546 gold pieces
  9746 | D:10     | Entered Level 10 of the Dungeon
  9747 | D:10     | Noticed a catoblepas
  9764 | D:10     | Killed a catoblepas
  9764 | D:10     | Received a gift from Okawaru
  9764 | D:10     | Reached skill level 10 in Crossbows
 10045 | D:10     | Found a hazy altar of Hepliaklqana.
 10045 | D:10     | Noticed a hill giant
 10632 | D:10     | Mangled by a hill giant

Skill      XL: |  1  2  3  4  5  6  7  8  9 10 11 |
---------------+----------------------------------+-----
Crossbows      | 3 4 5 7 8 9 10 | 10.2
Invocations    | 3 5 |  5.9
Long Blades    | 1 4 7 9 |  9.9
Fighting       | 4 7 8 |  8.5
Dodging        | |  1.7
Spellcasting   | |  1.1
Hexes          | |  3.6

Action                   |  1- 3 |  4- 6 |  7- 9 | 10-12 || total
-------------------------+-------+-------+-------+-------++-------
Melee: Unarmed           |    49 |       |       |       ||    49
       Spear             |    13 |       |       |       ||    13
       Short sword       |     4 |   142 |    15 |       ||   161
       Falchion          |       |       |   207 |   107 ||   314
       Punch             |       |       |       |     1 ||     1
 Fire: Hand crossbow     |    67 |    64 |   247 |   263 ||   641
Invok: Heroism           |       |       |     3 |     8 ||    11
 Abil: Dig               |       |     3 |     7 |     2 ||    12
Evoke: Wand              |       |       |       |     3 ||     3
  Use: Scroll            |     6 |     2 |     3 |     8 ||    19
       Potion            |       |     2 |       |     4 ||     6
 Stab: Invisible         |       |     1 |       |       ||     1
       Sleeping          |       |     1 |       |       ||     1
  Eat: Chunk             |       |     5 |    21 |    13 ||    39
       Pizza             |       |       |     2 |       ||     2
Armor: Robe              |    21 |       |       |       ||    21
       Leather armour    |    22 |    39 |       |       ||    61
       Scale mail        |       |    34 |   121 |       ||   155
       Chain mail        |       |       |    17 |   173 ||   190
Dodge: Dodged            |    78 |    83 |   117 |    89 ||   367
       Rpst.: Falchion   |       |       |    30 |     9 ||    39

Table legend:
 A = Turns spent in this place as a percentage of turns spent in the entire game.
 B = Non-inter-level travel turns spent in this place as a percentage of non-inter-level travel turns spent in the entire game.
 C = Inter-level travel turns spent in this place as a percentage of turns spent in this place.
 D = Turns resting spent in this place as a percentage of non-inter-level travel turns spent in this place.
 E = Turns spent auto-exploring this place as a percentage of non-inter-level travel turns spent in this place.
 F = Non-inter-level travel turns spent in this place divided by the number of levels of this place that you've seen.
                   A       B       C       D       E      F
               +-------+-------+-------+-------+-------+----------------------
         Total | 100.0 | 100.0 |   0.9 |   3.6 |  15.1 | 240.3
       Dungeon | 100.0 | 100.0 |   0.9 |   3.6 |  15.1 | 240.3
               +-------+-------+-------+-------+-------+----------------------

Table legend:
 A = Kills in this place as a percentage of kills in entire the game.
 B = Kills by you in this place as a percentage of kills by you in the entire game.
 C = Kills by friends in this place as a percentage of kills by friends in the entire game.
 D = Other kills in this place as a percentage of other kills in the entire game.
 E = Experience gained in this place as a percentage of experience gained in the entire game.
 F = Experience gained in this place divided by the number of levels of this place that you have seen.
                   A       B       C       D       E      F
               +-------+-------+-------+-------+-------+----------------------
         Total | 100.0 | 100.0 |  -nan |  -nan | 100.0 | 1053.2
       Dungeon | 100.0 | 100.0 |  -nan |  -nan | 100.0 | 1053.2
               +-------+-------+-------+-------+-------+----------------------

Vault maps used:
D:1:      dpeg_arrival_lava_temple_mockup
D:2:      grunt_temple_overflow_open, minmay_strange_pillars, uniq_jessica
D:3:      uniq_robin
D:4:      serial_shops, nicolae_shop_waterfront, first_bread,
          hangedman_minor_gate_pass
D:5:      basic_altar, okawaru_metal_pillars_3
D:6:      serial_bayou, serial_bayou_lagoon_a, serial_bayou_shore_b,
          serial_bayou_crossing, serial_bayou_pond_a, enter_ossuary_4,
          corexii_hall_statues_deadend
D:7:      grunt_livestock
D:9:      slow_altar_1, serial_shops, nicolae_shop_crystal,
          kennysheep_generic_room_4, uniq_maurice
D:10:     minmay_shrinking_squares, lair_0_dummy, basic_altar
